 Dungeon Crawl Stone Soup version 0.32-a0-893-gf85d74f360 (webtiles) character file.

Game seed: 10241358807924427980

2783446 BorgnjorsVileCrotch the Acrobat (level 20, 220/220 HPs)
             Began as a Felid Shapeshifter on Apr 3, 2024.
             Was an Elder of Jiyva.
             Escaped with the Orb
             ... and 3 runes
             ... and 3 gems on Apr 4, 2024!
             The game lasted 00:38:20 (29560 turns).

BorgnjorsVileCrotch the Acrobat (FeSh)             Turns: 29560, Time: 00:38:21

Health: 220/220    AC: 16    Str: 20    XL:     20   Next: 24%
Magic:  30/30      EV: 27    Int: 13    God:    Jiyva [****..]
Gold:   3167       SH:  0    Dex: 28    Spells: 19/19 levels left
                                        Lives:  1   Deaths: 6

rFire   + +          .
                       - Unarmed
rCold   . . .        (shield unavailable)
rNeg    . . .        (body armour unavailable)
rPois   +            (helmet unavailable)
rElec   .            (cloak unavailable)
rCorr   +            (gloves unavailable)
SInv    +            (boots unavailable)
Will    +++..        d - amulet of regeneration
Stlth   +            N - ring "Gomegy" {rC+ MP+9 Slay+3}
HPRegen 2.64/turn    J - +4 ring of protection
MPRegen 0.86/turn

%: clarity
@: dragon-form, flying
A: dragon claw, dragon scales, breathe fire, flying, boosted hp, giant, (claws
1), (fangs 3), see invisible, (shaggy fur 3), (stealthy paws), no weapons or
thrown items, no armour, multi-lived, (horns 3), (iridescent scales 3), thin
skeletal structure 1, clarity, mutation resistance 1, sense surroundings 3,
robust 2, (gelatinous body 2), (pseudopods 1), (tendrils), (jelly sensing items)
0: Orb of Zot
}: 3/15 runes: barnacled, slimy, gossamer
a: Breathe Fire, Begin Untransformation, Renounce Religion, Oozemancy, Slimify


You escaped.
You worshipped Jiyva.
Jiyva was greatly pleased with you.
You were a fearsome dragon!
You visited 9 branches of the dungeon, and saw 45 of its levels.
You also visited: Gauntlet.

You collected 4133 gold pieces.
You spent 966 gold pieces at shops.

Inventory:

Jewellery
 d - an amulet of regeneration (around neck)
   (You found it on level 1 of the Dungeon)
 e - a ring of protection from cold
   (You found it on level 1 of the Shoals)
 n - a ring of protection from fire
   (You found it on level 3 of the Dungeon)
 t - an amulet of the acrobat
   (You found it on level 2 of the Shoals)
 y - a ring of fire
   (You found it on level 7 of the Dungeon)
 A - a ring of protection from cold
   (You took it off Erica on level 9 of the Dungeon)
 E - the ring "Puiroyveir" {rC++ MP+9 Int+4 Dex-5}
   (You found it on level 4 of the Realm of Zot)

   [ring of magical power]

   Int+4:     It affects your intelligence (+4).
   Dex-5:     It affects your dexterity (-5).
   rC++:      It greatly protects you from cold.
   MP+9:      It affects your magic capacity (+9).
 F - a +5 ring of evasion
   (You found it on level 2 of the Lair of Beasts)
 J - a +4 ring of protection (right foreclaw)
   (You bought it in a shop on level 3 of the Shoals)
 K - the ring of Pewkan {Will+ Int+3 Slay+3}
   (You found it on level 3 of the Lair of Beasts)

   [ring of willpower]

   Int+3:     It affects your intelligence (+3).
   Slay+3:    It affects your accuracy & damage with ranged weapons and melee
   (+3).
   Will+:     It increases your willpower.
 N - the ring "Gomegy" (left foreclaw) {rC+ MP+9 Slay+3}
   (You found it on level 5 of the Pits of Slime)

   [ring of magical power]

   Slay+3:    It affects your accuracy & damage with ranged weapons and melee
   (+3).
   rC+:       It protects you from cold.
   MP+9:      It affects your magic capacity (+9).
 Q - the ring of Fapnyog {rF+ rC+ SInv}
   (You found it on level 5 of the Pits of Slime)

   [ring of protection from cold]

   rF+:       It protects you from fire.
   rC+:       It protects you from cold.
   SInv:      It lets you see invisible.
Talismans
 D - a dragon-blood talisman (active)
   (You acquired it on level 5 of the Lair of Beasts)
Wands
 b - a wand of warping (14)
   (You found it on level 8 of the Dungeon)
 g - a wand of flame (26) {@v4}
   (You took it off Maggie on level 9 of the Dungeon)
 o - a wand of polymorph (10)
   (You found it on level 4 of the Dungeon)
 w - a wand of charming (26)
   (You found it on level 6 of the Dungeon)
 O - a wand of mindburst (4)
   (You found it on level 5 of the Pits of Slime)
 R - a wand of digging (17) {@v3}
   (You found it on level 1 of the Shoals)
Scrolls
 k - 6 scrolls of identify {@r1}
 s - 7 scrolls of fear
 v - 8 scrolls of poison
 z - a scroll of fog
 C - a scroll of vulnerability
 G - a scroll of blinking {@r4}
 H - 4 scrolls of enchant armour
Potions
 a - 3 potions of lignification
 f - 4 potions of mutation
 h - 5 potions of ambrosia
 i - 9 potions of curing {@q1}
 p - 3 potions of enlightenment
 u - 3 potions of cancellation
 L - 2 potions of magic
Miscellaneous
 B - a tin of tremorstones (2/2)
   (You found it on level 12 of the Dungeon)
 I - a sack of spiders
   (You found it on level 1 of the Lair of Beasts)


   Skills:
 * Level 20.0 Fighting
 + Level 22.8 Dodging
 * Level 19.7 Unarmed Combat
 - Level 8.0 Evocations
 - Level 16.6 Shapeshifting


You had 19 spell levels left.
You didn't know any spells.
Your spell library was empty.

Dungeon Overview and Level Annotations

Branches:
Dungeon (15/15)            Temple (1/1) D:4            Lair (5/5) D:9
 Shoals (4/4) Lair:3       Spider (4/4) Lair:2        Slime (5/5) Lair:5
    Orc (2/2) D:12            Elf (0/3) Orc:2        Vaults (0/5) D:13
 Depths (4/4) D:15            Zot (5/5) Depths:4    Gauntlet (visited)

Altars:
Ashenzari
Cheibriados
Dithmenos
Elyvilon
Fedhas
Gozag
Hepliaklqana
Kikubaaqudgha
Makhleb
Nemelex Xobeh
Okawaru
Qazlal
Ru
Sif Muna
Trog
Uskayaw
Vehumet
Wu Jian
Xom
Yredelemnul
Zin
The Shining One
Beogh
Jiyva

Shops:
D:1 *   Orc:2 [(((   Shoals:3 [*(*

Portals:
Hell: Depths:2 Depths:3 Depths:4

Annotations:
D:7 1 runed translucent door
Lair:4 1 runed translucent door, Hiramiqi's ghost, journeyman TeFE
Shoals:2 Polyphemus
Shoals:3 1 runed translucent door, happinesssam's ghost, adept AtWn
Spider:4 2 transporters, Arachne; Lanoc's ghost, adept CoCK; lugworm's ghost, adept CoWr
Slime:5 Royal Jelly
Depths:4 exclusion: juggernaut
Zot:3 3 transporters
Zot:5 3 exclusions


Innate Abilities, Weirdness & Mutations

You are a fearsome dragon!
You have a powerful clawing attack.
Your giant scaled body is strong and resilient, but less evasive.
You can breathe fire.
You are flying.
Your maximum health is greatly increased.
((You have sharp claws.))
((You have razor-sharp teeth.))
You have supernaturally acute eyesight. (SInv)
((Your thick and shaggy fur keeps you warm. (AC +3, rC+)))
((Your paws help you pounce on unaware monsters.))
You are incapable of wielding weapons or throwing items.
You cannot wear armour.
You gain extra lives every three experience levels.
((You have a pair of large horns on your head.))
((You are completely covered in iridescent scales. (AC +6)))
You have a somewhat thin skeletal structure. (Dex +2, Stealth+)
You possess an exceptional clarity of mind.
You are somewhat resistant to further mutation.
You passively map a large area around you.
You are very robust. (+20% HP)
((Your pliable body absorbs attacks. (AC +2, EV +2)))
((Armour fits poorly on your pseudopods.))
((You are covered in slimy tendrils that may disarm your opponents.))
((You have a small jelly attached to you that senses nearby items.))


Message History

There is a stone staircase leading down, spattered with blood here.
Things that are here:
a +0 leather armour; a +0 hand axe; an orc skeleton An ice devil comes into view.
Unknown command.
Unknown command.
Unknown command.
Unknown command.
The ice devil misses you.
You maul the ice devil!!!!
You kill the ice devil!
No target in view!
No target in view!
(D) Dungeon (T) Temple (L) Lair (A) Shoals (N) Spider Nest (M) Slime Pits (O) Orcish Mines (E) Elven Halls (V) Vaults (U) Depths (H) Hell (Z) Zot
Where to? (Tab/Enter - D:1 @ (x,y), ? - help)
There is a stone staircase leading up here.
You fly upwards.
Level annotation: 1 runed translucent door
There is a stone staircase leading down here.
There is a stone staircase leading up here.
You fly upwards.
There is a stone staircase leading down here.
An Orb Guardian comes into view.
Unknown command.
Unknown command.
Unknown command.
Unknown command.
Unknown command.
There is a stone staircase leading up here.
You fly upwards.
There is a stone staircase leading down here.
(D) Dungeon (T) Temple (L) Lair (A) Shoals (N) Spider Nest (M) Slime Pits (O) Orcish Mines (E) Elven Halls (V) Vaults (U) Depths (H) Hell (Z) Zot
Where to? (Tab/Enter - D:1 @ (x,y), ? - help)
You see here 7 stones.
Jiyva gurgles merrily.
You hear a distant slurping noise. x2
You hear a distant slurping noise.
You hear a distant slurping noise.
You hear a distant slurping noise.
There is an open door here.
You hear a distant slurping noise.
You hear a distant slurping noise.
A neqoxec comes into view.
There is a stone staircase leading up here.
You hear a distant slurping noise.
You fly upwards.
A reaper comes into view. It is wielding a +2 heavy scythe.
There is a stone staircase leading down here.
(D) Dungeon (T) Temple (L) Lair (A) Shoals (N) Spider Nest (M) Slime Pits (O) Orcish Mines (E) Elven Halls (V) Vaults (U) Depths (H) Hell (Z) Zot
Where to? (Tab/Enter - D:1 @ (x,y), ? - help)
A reaper is nearby!
Unknown command.
The reaper closely misses you.
You bite the reaper!! You bite the reaper, but do no damage.
The reaper is heavily wounded.
You hit the reaper but do no damage.
You tail-slap the reaper, but do no damage.
You claw the reaper!!
The reaper is severely wounded.
You hit the reaper but do no damage. You bite the reaper, but do no damage.
The reaper is severely wounded.
The reaper hits you with a +2 heavy scythe!!
The reaper drags you backwards!
You maul the reaper!!!!
You kill the reaper!
No target in view!
(D) Dungeon (T) Temple (L) Lair (A) Shoals (N) Spider Nest (M) Slime Pits (O) Orcish Mines (E) Elven Halls (V) Vaults (U) Depths (H) Hell (Z) Zot
Where to? (Tab/Enter - D:1 @ (x,y), ? - help)
There is an open door here.
You see here a +2 heavy scythe.
You see here an iguana skeleton.
HP restored.
There is a stone staircase leading up here.
You fly upwards.
There is a stone staircase leading down here.
You see here a quokka skeleton.
There is a stone staircase leading up here.
You fly upwards.
There is a stone staircase leading down here.
There is a stone staircase leading up here.
You fly upwards.
There is a stone staircase leading down here.
There is a large open door here.
There is a large open door here.
You see here a +0 plate armour.
There is a large open door here.
There is a staircase leading out of the dungeon here.
Unknown command.
Unknown command.
Unknown command.
Unknown command.
You have escaped!

####......~~~~~~~~~~~~≈~~~~~.#
#...#.#~..ß..........ß..~.#
#...#.#~.##############.~..
#...#.#~ß#.#.≈≈.#~~~~~#ß~.#
#......~.#.#.≈≈.#~...~#.~..
#....##~.#.#.≈§.#~.#.~#.~.#
#....##~.#.#.§§.#~.#.~#ß~..
#......~.#.#.≈≈.#~.#.~#.~#.
#...###~.#D'[...'..#..'..).
#...# #~.#.'....'..#..'.÷)#
###.# #~.#.#.§≈.#~.#.~#.~##
#.# #~.#.#.≈§.#~.#.~#ß~## #.#
#~.#.#.≈§.#~.#.~#.~## #.#
#~.#.#.≈≈.#~...~#.~##
#.###~ß#.#.≈≈.#~~~~~#ß~##
#....~.##############.~##
####.~..ß..........ß..~#


There were no monsters in sight!

Vanquished Creatures
  A pandemonium lord (Depths:4)
  An ancient lich (Zot:5)
  Mara (Shoals:4)
  2 Killer Klowns
  A bone dragon (Depths:4)
  Jorgrun (D:15)
  Rupert (Orc:2)
  An electric golem (Zot:3)
  7 tentacled monstrosities
  A lich (Depths:4)
  12 Orb Guardians
  2 death cobs (Zot:3)
  A sphinx (Depths:4)
  2 shadow dragons (Depths:4)
  Donald (Shoals:3)
  3 protean progenitors
  2 fire giants
  7 storm dragons
  A draconian knight (Zot:3)
  A draconian monk (Depths:4)
  2 draconian shifters (Zot:3)
  A draconian scorcher (Zot:3)
  2 frost giants
  3 ghost moths
  An iron dragon (Depths:4)
  3 emperor scorpions (Spider:4)
  3 broodmothers
  5 stone giants
  A reaper (D:4)
  A draconian annihilator (Zot:3)
  3 green draconians
  2 vampire knights
  5 spark wasps
  10 red draconians
  3 black draconians
  A white draconian (Depths:4)
  8 yellow draconians
  3 purple draconians
  Snorg (Orc:1)
  4 ettins
  7 fire dragons
  3 merfolk impalers
  7 entropy weavers
  4 merfolk javelineers
  A rakshasa (D:15)
  A quicksilver dragon skeleton (Depths:2)
  3 ice dragons
  Erolcha (D:9)
  2 catoblepae
  5 hydras
  2 spriggan air magi (Depths:4)
  A radroach (Spider:4)
  8 boulder beetles
  3 merfolk avatars
  10 centaur warriors
  A hell beast (D:10)
  Erica (D:9)
  5 deep troll shamans
  9 satyrs
  2 alligator snapping turtles
  4 merfolk aquamancers
  5 two-headed ogres
  A death knight (D:9)
  10 demonic crawlers
  3 deep troll earth magi
  5 spriggan berserkers
  2 tengu warriors (D:15)
  17 hell knights
  9 death yaks
  An occultist (D:15)
  Sonja (D:10)
  A sun demon (Depths:4)
  4 iron trolls
  4 skeletal warriors (D:14)
  6 pharaoh ants
  5 sea snakes
  7 steelbarb worms
  4 sun moths
  A swamp dragon (Lair:5)
  An arcanist (Depths:2)
  15 deep trolls
  2 phantasmal warriors (Depths:4)
  6 orb spiders
  A lindwurm (Lair:5)
  9 harpies
  2 wolf spider zombies
  Pikel (D:9)
  A thermic dynamo (Depths:2)
  3 obsidian bats (Orc:2)
  8 necromancers
  10 wolf spiders
  An obsidian statue (Zot:5)
  3 deep elf pyromancers (D:15)
  4 orc sorcerers
  21 fauns
  4 ugly things (D:15)
  A fire giant zombie (Depths:1)
  17 moths of wrath
  4 orc knights
  4 cyclopes
  11 centaur zombies
  10 manticores
  4 kobold blastminers (Orc:2)
  A fire giant skeleton (Depths:1)
  10 meliai (Spider:4)
  6 water nymphs
  19 elephants
  A rust devil (Depths:4)
  A gargoyle (D:7)
  2 black mambas
  5 merfolk sirens
  2 spriggan zombies (Depths:1)
  Jeremiah (D:9)
  7 cane toads
  12 torpor snails
  A centaur skeleton (D:15)
  3 unseen horrors
  2 rime drakes (Lair:5)
  4 kobold demonologists
  12 komodo dragons
  A freezing wraith (D:12)
  Maggie (D:9)
  2 ice devils
  A tengu conjurer (D:15)
  A queen bee (shapeshifter) (D:14)
  23 jumping spiders
  3 wind drakes
  A polar bear (shapeshifter) (D:14)
  A harpy zombie (Shoals:3)
  29 merfolk
  6 trolls
  2 polar bears (Lair:2)
  11 hornets
  Prince Ribbit (Lair:3)
  22 blink frogs
  9 tarantellas
  3 dream sheep (Shoals:1)
  4 tyrant leeches (Lair:5)
  A meliai zombie (D:12)
  10 snapping turtles
  11 culicivoras
  A spriggan (Depths:4)
  12 water elementals
  5 wyverns
  57 yaks
  A wraith (D:12)
  11 wargs
  4 steam dragons
  Eustachio (D:4)
  6 basilisks
  20 redbacks
  A death yak simulacrum (Lair:4)
  7 acid dragons
  2 hell hounds (D:15)
  12 water moccasins
  3 black bears
  28 orc warriors
  An ice beast (D:7)
  4 ogres (Orc:2)
  A manticore zombie (Shoals:3)
  12 centaurs
  4 boggarts (Lair:2)
  16 wolves
  3 ettin simulacra (Depths:2)
  3 lemures (D:9)
  2 phantoms
  4 kobold brigands
  13 bullfrogs
  A gnoll sergeant (D:7)
  4 earth elementals (D:13)
  9 scorpions
  10 wights
  8 killer bees
  2 jellies
  8 howler monkeys
  An electric eel (Lair:3)
  21 orc priests
  A bombardier beetle (D:4)
  A hound (D:4)
  2 gnoll boudas
  Jessica (D:3)
  8 iguanas
  19 orc wizards
  6 hell rats (Lair:1)
  A polar bear simulacrum (Lair:4)
  Robin (D:3)
  11 gnolls
  6 adders
  2 shadow imps
  5 white imps
  2 ufetubi (D:6)
  2 ribbon worms
  5 dart slugs
  62 orcs
  2 bat zombies (Shoals:3)
  9 endoplasms
  6 giant cockroaches
  14 goblins
  9 hobgoblins
  4 quokkas
  11 ball pythons
  4 bats
  A frilled lizard (D:3)
  12 kobolds
  4 rats
  2 aspiring fleshes
1163 creatures vanquished.

Vanquished Creatures (collateral kills)
  Ilsuiw (Shoals:2)
  A white draconian (Zot:3)
  A death yak (Shoals:2)
  A skeletal warrior (D:14)
  An orb spider (Spider:3)
  A merfolk siren (Shoals:2)
  A water nymph (Shoals:2)
  A kobold blastminer (Orc:2)
  A wind drake (Shoals:2)
  2 orc wizards (Orc:2)
  An orc (Orc:2)
12 creatures vanquished.

Vanquished Creatures (others)
  3 acid blobs
  A quicksilver dragon (Zot:2)
  A draconian scorcher (Zot:3)
  A draconian stormcaller (Zot:3)
  A yellow draconian (Depths:4)
  2 deep troll shamans (Depths:4)
  An orc high priest (Orc:2)
  2 glowing orange brains (Depths:4)
  A phantasmal warrior (D:13)
  An orc sorcerer (Orc:2)
  Maurice (D:7)
  A kobold demonologist (D:10)
  5 slime creatures
  A wraith (D:12)
  A yak (Lair:4)
  3 orc warriors (Orc:2)
  An ogre (Orc:2)
  2 kobold brigands (D:10)
  71 jellies
  An orc priest (Orc:2)
  An orc wizard (Orc:2)
  9 orcs
  5 kobolds
116 creatures vanquished.

Grand Total: 1291 creatures vanquished

Notes
Turn   | Place    | Note
-------+----------+-------------------------------------------
     0 | D:1      | BorgnjorsVileCrotch the Felid Shapeshifter began the quest
                  | for the Orb.
     0 | D:1      | Reached XP level 1. HP: 10/10 MP: 2/2
   144 | D:1      | Reached XP level 2. HP: 11/14 MP: 3/3
   434 | D:1      | Found Oriafe's Assorted Antiques.
   443 | D:1      | Reached XP level 3. HP: 18/18 MP: 4/4
   452 | D:1      | Bought a scroll labelled EZUETI IHAMOUHU for 31 gold pieces
   604 | D:1      | Identified a scroll of acquirement
   604 | D:1      | Acquired a manual of Shapeshifting
  1053 | D:2      | Reached XP level 4. HP: 22/22 MP: 5/5
  1053 | D:2      | Gained a life (2 lives remaining)
  1421 | D:3      | Noticed Jessica
  1423 | D:3      | Found a glowing silver altar of Zin.
  1425 | D:3      | Killed Jessica
  1453 | D:3      | Reached skill level 5 in Shapeshifting
  1453 | D:3      | Reached XP level 5. HP: 17/27 MP: 6/6
  1501 | D:3      | Found an opulent altar of Gozag.
  1595 | D:3      | Found a snail-covered altar of Cheibriados.
  1615 | D:3      | Noticed Robin
  1623 | D:3      | Killed Robin
  2145 | D:4      | Found a glowing golden altar of the Shining One.
  2268 | D:4      | Gained mutation: You are covered in thick fur. (AC +2)
                  | [Felid growth]
  2268 | D:4      | Reached XP level 6. HP: 20/32 MP: 7/7
  2306 | D:4      | Found a staircase to the Ecumenical Temple.
  2323 | Temple   | Entered the Ecumenical Temple
  2683 | D:4      | Noticed Eustachio
  2698 | D:4      | Killed Eustachio
  2699 | D:4      | Reached XP level 7. HP: 34/38 MP: 8/8
  2761 | D:5      | Entered Level 5 of the Dungeon
  2843 | D:5      | Found an ornate altar of the Wu Jian Council.
  3111 | D:5      | Reached skill level 5 in Fighting
  3111 | D:5      | Reached skill level 3 in Dodging
  3484 | D:5      | Reached skill level 4 in Dodging
  3557 | D:5      | Reached XP level 8. HP: 42/44 MP: 9/9
  3749 | D:1      | Bought a glowing grey potion for 27 gold pieces
  3749 | D:1      | Bought 3 scrolls labelled ZEJOPAWISM for 93 gold pieces
  3749 | D:1      | Bought a scroll labelled VEAKKUBBOC for 31 gold pieces
  3753 | D:1      | Gained mutation: You are partially covered in large bone
                  | plates. (SH +4) [potion of mutation]
  3753 | D:1      | Gained mutation: You are somewhat resistant to further
                  | mutation. [potion of mutation]
  3753 | D:1      | Gained mutation: You have a pair of small horns on your
                  | head. [potion of mutation]
  4177 | D:6      | Found a hide-covered altar of Uskayaw.
  4204 | D:6      | Reached skill level 5 in Dodging
  4687 | Temple   | Became a worshipper of Elyvilon the Healer
  4843 | D:7      | Noticed Maurice
  4852 | D:7      | Maurice stole a beast talisman
  4857 | D:7      | Maurice stole a ring of fire
  4859 | D:7      | Killed Maurice
  4860 | D:7      | Reached skill level 5 in Unarmed Combat
  4883 | D:7      | Reached skill level 6 in Dodging
  5027 | D:7      | Noticed a gargoyle
  5056 | D:7      | Killed a gargoyle
  5057 | D:7      | Reached XP level 9. HP: 12/49 MP: 10/10
  5192 | D:7      | Found a bloodstained altar of Trog.
  5266 | D:7      | Reached skill level 7 in Dodging
  5281 | D:7      | Found a runed translucent door.
  5283 | D:7      | Found a runed translucent door.
  5449 | D:8      | Reached * piety under Elyvilon
  5727 | D:8      | Reached skill level 8 in Dodging
  5727 | D:8      | Reached skill level 10 in Shapeshifting
  5792 | D:8      | Found a radiant altar of Vehumet.
  5858 | D:8      | Reached XP level 10. HP: 42/56 MP: 11/11
  6373 | D:9      | Found a staircase to the Lair.
  6466 | D:9      | Noticed Erolcha
  6475 | D:9      | Killed Erolcha
  6476 | D:9      | Reached skill level 9 in Dodging
  6579 | D:9      | Reached ** piety under Elyvilon
  6727 | D:9      | Noticed a two-headed ogre
  6741 | D:9      | Killed a two-headed ogre
  6933 | D:9      | Noticed Erica
  6948 | D:9      | Killed Erica
  7221 | D:9      | Reached skill level 10 in Dodging
  7246 | D:9      | Noticed Pikel
  7247 | D:9      | Noticed a two-headed ogre
  7267 | D:9      | Killed a two-headed ogre
  7279 | D:9      | Killed Pikel
  7280 | D:9      | Reached XP level 11. HP: 49/62 MP: 12/12
  7439 | D:9      | Reached *** piety under Elyvilon
  7504 | D:9      | Noticed Maggie
  7515 | D:9      | Killed Maggie
  7519 | D:9      | Paralysed by a hornet for 2 turns
  7519 | D:9      | HP: 1/62 [water moccasin (4)]
  7519 | D:9      | Elyvilon protects you from harm!
  7519 | D:9      | Elyvilon protects you from harm!
  7519 | D:9      | Slain by a hornet
  7519 | D:9      | Lost a life (1 life remaining)
  7641 | D:9      | Noticed a seven-headed hydra
  7646 | D:9      | HP: 3/93 [seven-headed hydra (4)]
  7650 | D:9      | Slain by a seven-headed hydra
  7650 | D:9      | Lost a life (0 lives remaining)
  7659 | D:9      | Noticed Jeremiah
  7688 | D:9      | Killed Jeremiah
  7692 | D:9      | Identified the +1 scale mail of the Fabulous God {rElec
                  | Will+}
  7692 | D:9      | Noticed a death knight
  7735 | Lair:1   | Entered Level 1 of the Lair of Beasts
  7775 | Lair:1   | Reached skill level 11 in Dodging
  8027 | Lair:1   | Reached skill level 10 in Fighting
  8182 | Lair:1   | Reached skill level 12 in Dodging
  8514 | Lair:1   | Gained mutation: Your thick and shaggy fur keeps you warm.
                  | (AC +3, rC+) [Felid growth]
  8514 | Lair:1   | Reached XP level 12. HP: 68/68 MP: 13/13
  8514 | Lair:1   | Gained a life (1 life remaining)
  8723 | Lair:2   | Noticed a death yak
  8723 | Lair:2   | Noticed a death yak
  8723 | Lair:2   | Noticed a death yak
  8723 | Lair:2   | Noticed a death yak
  8723 | Lair:2   | Noticed a death yak
  8723 | Lair:2   | Noticed a death yak
  8743 | Lair:2   | Found a hole to the Spider Nest.
  8913 | Lair:2   | Reached skill level 10 in Unarmed Combat
  8993 | Lair:2   | Found an opulent altar of Gozag.
  9074 | Lair:1   | Killed a death yak
  9309 | Lair:2   | Reached skill level 13 in Dodging
  9425 | Lair:3   | Found a staircase to the Shoals.
  9454 | Lair:3   | Reached **** piety under Elyvilon
  9543 | Lair:4   | Noticed an eight-headed hydra
  9546 | Lair:4   | Acquired 502 gold pieces
  9556 | Lair:5   | Entered Level 5 of the Lair of Beasts
  9620 | Lair:5   | Found a gate leading to a gauntlet.
  9628 | Gauntlet | Entered a Gauntlet
  9628 | Gauntlet | Found a transporter.
  9628 | Gauntlet | Found a transporter.
  9628 | Gauntlet | Found a transporter.
  9632 | Gauntlet | Found a transporter.
  9632 | Gauntlet | Found a transporter.
  9632 | Gauntlet | Found a transporter.
  9641 | Gauntlet | Noticed a tengu warrior
  9642 | Gauntlet | Found a transporter.
  9646 | Gauntlet | Found a transporter.
  9648 | Gauntlet | Found a large runed translucent door.
  9649 | Gauntlet | Found a large runed translucent door.
  9650 | Gauntlet | Found a large runed translucent door.
  9650 | Gauntlet | Found a large runed translucent door.
  9650 | Gauntlet | Found a runed translucent door.
  9651 | Gauntlet | Found a large runed translucent door.
  9652 | Gauntlet | Found a large runed translucent door.
  9653 | Gauntlet | Found a large runed translucent door.
  9653 | Gauntlet | Found a large runed translucent door.
  9654 | Gauntlet | Found a runed translucent gate.
  9656 | Gauntlet | Found a transporter.
  9660 | Gauntlet | Found a runed translucent gate.
  9660 | Gauntlet | Found a transporter.
  9660 | Gauntlet | Found a transporter.
  9661 | Gauntlet | Found a runed translucent gate.
  9661 | Gauntlet | Found a runed translucent door.
  9757 | Gauntlet | Found a transporter.
  9763 | Gauntlet | Found a large runed translucent door.
  9764 | Gauntlet | Found a large runed translucent door.
  9765 | Gauntlet | Found a large runed translucent door.
  9765 | Gauntlet | Found a large runed translucent door.
  9766 | Gauntlet | Found a large runed translucent door.
  9767 | Gauntlet | Found a large runed translucent door.
  9768 | Gauntlet | Found a large runed translucent door.
  9768 | Gauntlet | Found a large runed translucent door.
  9769 | Gauntlet | Noticed a catoblepas
  9994 | Lair:5   | Acquired a dragon-blood talisman
 10185 | Lair:5   | Reached XP level 13. HP: 73/74 MP: 14/14
 10185 | Lair:5   | Gained a life (2 lives remaining)
 10192 | Lair:5   | Found a staircase to the Slime Pits.
 10193 | Lair:5   | Found a viscous altar of Jiyva.
 10208 | Lair:5   | Fell from the grace of Elyvilon
 10208 | Lair:5   | Became a worshipper of Jiyva Jeatsull the Shapeless
 10231 | Lair:5   | Reached skill level 14 in Dodging
 10519 | Lair:5   | Noticed a fire dragon
 10545 | Lair:5   | Killed a fire dragon
 11093 | Lair:4   | Reached * piety under Jiyva
 11137 | Lair:4   | You are sucked into a shaft and drop 1 floor!
 11193 | Lair:5   | Noticed a fire dragon
 11204 | Lair:5   | Killed a fire dragon
 11205 | Lair:5   | Reached skill level 15 in Dodging
 11247 | Lair:5   | Got an earthy gem with 536 turns to spare
 11441 | Lair:4   | Found a runed translucent door.
 11441 | Lair:4   | Found a shimmering altar of Xom.
 11441 | Lair:4   | Noticed Hiramiqi's ghost (journeyman TeFE)
 11666 | Lair:3   | Reached ** piety under Jiyva
 11691 | Lair:3   | Noticed Prince Ribbit
 11697 | Lair:3   | Killed Prince Ribbit
 11754 | Lair:3   | Identified the ring of Pewkan {Will+ Int+3 Slay+3}
 12192 | Lair:3   | Acquired 1068 gold pieces
 12246 | Lair:2   | Reached XP level 14. HP: 81/81 MP: 15/15
 12833 | D:10     | Entered Level 10 of the Dungeon
 12909 | D:10     | Reached *** piety under Jiyva
 12983 | D:10     | Lost mutation: You are partially covered in large bone
                  | plates. (SH +4) [Jiyva's grace]
 12983 | D:10     | Gained mutation: Your system is resistant to poisons.
                  | (rPois) [Jiyva's grace]
 12983 | D:10     | Gained mutation: Your spells are a little harder to cast,
                  | but a little more powerful. [Jiyva's grace]
 12983 | D:10     | Gained mutation: Your spells are harder to cast, but more
                  | powerful. [Jiyva's grace]
 12983 | D:10     | Gained mutation: Your spells are much harder to cast, but
                  | much more powerful. [Jiyva's grace]
 13177 | D:10     | Noticed Sonja
 13190 | D:10     | Killed Sonja
 13652 | D:10     | Reached skill level 16 in Dodging
 13891 | D:11     | Reached **** piety under Jiyva
 14368 | D:12     | Found a staircase to the Orcish Mines.
 14430 | D:12     | Reached ***** piety under Jiyva
 14521 | D:12     | Reached skill level 1 in Evocations
 14545 | D:12     | Found a basalt altar of Yredelemnul.
 14620 | D:12     | Lost mutation: Your system is resistant to poisons. (rPois)
                  | [Jiyva's grace]
 14620 | D:12     | Lost mutation: Your spells are much harder to cast, but
                  | much more powerful. [Jiyva's grace]
 14620 | D:12     | Lost mutation: Your spells are harder to cast, but more
                  | powerful. [Jiyva's grace]
 14620 | D:12     | Gained mutation: Armour fits poorly on your pseudopods.
                  | [Jiyva's grace]
 14620 | D:12     | Gained mutation: Armour fits poorly on your large
                  | pseudopods. [Jiyva's grace]
 14620 | D:12     | Gained mutation: Armour fits poorly on your massive
                  | pseudopods. [Jiyva's grace]
 14620 | D:12     | Gained mutation: You have acidic saliva. [Jiyva's grace]
 15381 | D:13     | Found a gate to the Vaults.
 15603 | D:14     | Found a white marble altar of Elyvilon.
 16058 | D:14     | Reached ****** piety under Jiyva
 16341 | D:14     | Reached XP level 15. HP: 53/87 MP: 16/16
 16395 | D:14     | Lost mutation: You have acidic saliva. [Jiyva's grace]
 16395 | D:14     | Gained mutation: You are partially covered in iridescent
                  | scales. (AC +2) [Jiyva's grace]
 16395 | D:14     | Gained mutation: You are mostly covered in iridescent
                  | scales. (AC +4) [Jiyva's grace]
 16395 | D:14     | Gained mutation: You are completely covered in iridescent
                  | scales. (AC +6) [Jiyva's grace]
 16395 | D:14     | Gained mutation: You possess an exceptional clarity of
                  | mind. [Jiyva's grace]
 16579 | D:15     | Entered Level 15 of the Dungeon
 16633 | D:15     | Reached skill level 17 in Dodging
 16777 | D:15     | Found a broken altar of Ashenzari.
 16903 | D:15     | Noticed Jorgrun
 16916 | D:15     | Killed Jorgrun
 17076 | D:15     | Found a staircase to the Depths.
 17080 | D:15     | Reached skill level 5 in Evocations
 17322 | Slime:1  | Entered Level 1 of the Pits of Slime
 17322 | Slime:1  | Noticed an acid blob
 17322 | Slime:1  | Noticed an azure jelly
 17339 | Slime:4  | Noticed an azure jelly
 17360 | Slime:5  | Entered Level 5 of the Pits of Slime
 17361 | Slime:5  | Found a viscous altar of Jiyva.
 17372 | Slime:5  | Identified the ring "Gomegy" {rC+ MP+9 Slay+3}
 17376 | Slime:5  | Noticed an acid blob
 17386 | Slime:5  | Identified the +0 robe of Cefusauf {Str+7 Int+3}
 17387 | Slime:5  | Got a starry gem with 537 turns to spare
 17391 | Slime:5  | Got a slimy rune of Zot
 17397 | Slime:5  | Noticed an acid blob
 17424 | Slime:5  | Identified the ring of Fapnyog {rF+ rC+ SInv}
 17431 | Slime:5  | Noticed a rockslime
 17441 | Slime:5  | Noticed an azure jelly
 17444 | Slime:5  | Noticed the Royal Jelly
 17467 | Slime:3  | Noticed an azure jelly
 17471 | Slime:2  | Noticed an azure jelly
 17475 | Slime:2  | Noticed an acid blob
 17653 | Orc:1    | Entered Level 1 of the Orcish Mines
 17703 | Orc:1    | Noticed Snorg
 17714 | Orc:1    | Killed Snorg
 17848 | Orc:2    | Entered Level 2 of the Orcish Mines
 17972 | Orc:2    | Found a staircase to the Elven Halls.
 18134 | Orc:2    | Noticed Rupert
 18141 | Orc:2    | Killed Rupert
 18142 | Orc:2    | Reached skill level 15 in Shapeshifting
 18153 | Orc:2    | Found a roughly hewn altar of Beogh.
 18213 | Orc:2    | Found a roughly hewn altar of Beogh.
 18224 | Orc:2    | Found Gephutih's Antique Weapon Emporium.
 18293 | Orc:2    | Found a roughly hewn altar of Beogh.
 18313 | Orc:2    | Found a roughly hewn altar of Beogh.
 18451 | Orc:2    | Found a roughly hewn altar of Beogh.
 18462 | Orc:2    | Found Fotuel's Weapon Emporium.
 18544 | Orc:2    | Lost mutation: Your spells are a little harder to cast, but
                  | a little more powerful. [Jiyva's grace]
 18544 | Orc:2    | Gained mutation: You are covered in slimy tendrils that may
                  | disarm your opponents. [Jiyva's grace]
 18544 | Orc:2    | Gained mutation: You have a small jelly attached to you
                  | that senses nearby items. [Jiyva's grace]
 18544 | Orc:2    | Gained mutation: You have acidic saliva. [Jiyva's grace]
 18544 | Orc:2    | Gained mutation: You have a somewhat thin skeletal
                  | structure. (Dex +2, Stealth+) [Jiyva's grace]
 18622 | Orc:2    | Found a roughly hewn altar of Beogh.
 18635 | Orc:2    | Found a roughly hewn altar of Beogh.
 18708 | Orc:2    | Noticed Saint Roka
 18739 | Orc:2    | Slimified Saint Roka
 18739 | Orc:2    | Saint Roka changed into Saint Roka the azure jelly
 18739 | Orc:2    | Noticed Saint Roka
 18804 | Orc:2    | Found Poicasch's Antique Weapon Boutique.
 18805 | Orc:2    | Found a roughly hewn altar of Beogh.
 18807 | Orc:2    | Found Latasokh's Antique Armour Shop.
 18854 | Orc:2    | Found a roughly hewn altar of Beogh.
 19057 | Shoals:1 | Entered Level 1 of the Shoals
 19240 | Shoals:2 | Noticed Polyphemus
 19257 | Shoals:2 | HP: 3/121 [sea snake (15)]
 19258 | Shoals:2 | Reached skill level 18 in Dodging
 19264 | Shoals:2 | HP: 6/121 [sea snake (13)]
 19265 | Shoals:2 | Hit by a death yak thrown by Polyphemus
 19265 | Shoals:2 | Lost a life (1 life remaining)
 19269 | Shoals:2 | Reached XP level 16. HP: 93/93 MP: 17/17
 19269 | Shoals:2 | Gained a life (2 lives remaining)
 19272 | Shoals:2 | Noticed Ilsuiw
 19301 | Shoals:2 | Killed Ilsuiw
 19537 | Shoals:2 | Reached skill level 15 in Fighting
 19920 | Shoals:3 | Noticed Donald
 19932 | Shoals:3 | Killed Donald
 20290 | Shoals:3 | Found a runed translucent door.
 20295 | Shoals:3 | Found Udduvia's Visitors' Centre.
 20303 | Shoals:3 | Found Udduvia's Merfolk Weapons.
 20324 | Shoals:3 | Bought a +4 ring of protection for 432 gold pieces
 20324 | Shoals:3 | Bought a wand of digging (7) for 352 gold pieces
 20760 | Shoals:3 | Found a shimmering altar of Xom.
 20760 | Shoals:3 | Noticed happinesssam's ghost (adept AtWn)
 20793 | Shoals:4 | Entered Level 4 of the Shoals
 20804 | Shoals:4 | Noticed Mara
 20813 | Shoals:4 | Noticed BorgnjorsVileCrotch's illusion
 20820 | Shoals:4 | Killed Mara
 20843 | Shoals:4 | Lost mutation: You are somewhat resistant to further
                  | mutation. [Jiyva's grace]
 20843 | Shoals:4 | Gained mutation: You are robust. (+10% HP) [Jiyva's grace]
 20843 | Shoals:4 | Gained mutation: You are very robust. (+20% HP) [Jiyva's
                  | grace]
 20843 | Shoals:4 | Gained mutation: You are extremely robust. (+30% HP)
                  | [Jiyva's grace]
 20843 | Shoals:4 | Gained mutation: You are somewhat resistant to further
                  | mutation. [Jiyva's grace]
 21000 | Shoals:4 | an alligator snapping turtle changed into an acid blob
 21000 | Shoals:4 | Noticed an acid blob
 21052 | Shoals:4 | Reached skill level 15 in Unarmed Combat
 21066 | Shoals:4 | Identified the +7 mace of Teonk {drain, *Rage rPois rN+}
 21136 | Shoals:4 | Reached skill level 19 in Dodging
 21222 | Shoals:4 | Got a barnacled rune of Zot
 21248 | Shoals:4 | Noticed a kraken
 21476 | Shoals:4 | Reached XP level 17. HP: 130/130 MP: 18/18
 22241 | Spider:1 | Entered Level 1 of the Spider Nest
 23178 | Spider:2 | You are sucked into a shaft and drop 1 floor!
 23392 | Spider:3 | Lost mutation: You have acidic saliva. [Jiyva's grace]
 23392 | Spider:3 | Lost mutation: Armour fits poorly on your massive
                  | pseudopods. [Jiyva's grace]
 23392 | Spider:3 | Lost mutation: Armour fits poorly on your large pseudopods.
                  | [Jiyva's grace]
 23392 | Spider:3 | Gained mutation: Your rubbery body absorbs attacks. (AC +1,
                  | EV +1) [Jiyva's grace]
 23392 | Spider:3 | Gained mutation: Your pliable body absorbs attacks. (AC +2,
                  | EV +2) [Jiyva's grace]
 23392 | Spider:3 | Gained mutation: Your gelatinous body deflects attacks. (AC
                  | +3, EV +3) [Jiyva's grace]
 23392 | Spider:3 | Gained mutation: You expend magic power (3 MP) to
                  | strengthen your wands. [Jiyva's grace]
 23892 | Spider:3 | Reached skill level 20 in Dodging
 24093 | Spider:4 | Entered Level 4 of the Spider Nest
 24159 | Spider:4 | Noticed Lanoc's ghost (adept CoCK)
 24161 | Spider:4 | Found a transporter.
 24165 | Spider:4 | Found a transporter.
 24166 | Spider:4 | Noticed Arachne
 24169 | Spider:4 | Noticed lugworm's ghost (adept CoWr)
 24275 | Spider:4 | Slain by a wolf spider simulacrum
 24275 | Spider:4 | Lost a life (1 life remaining)
 24832 | Spider:4 | Reached XP level 18. HP: 139/139 MP: 19/19
 24832 | Spider:4 | Gained a life (2 lives remaining)
 24984 | Spider:4 | Got a gossamer rune of Zot
 25428 | Depths:1 | Entered Level 1 of the Depths
 25753 | Depths:2 | Found a shadowy altar of Dithmenos.
 25825 | Depths:2 | Lost mutation: You are completely covered in iridescent
                  | scales. (AC +6) [Jiyva's grace]
 25825 | Depths:2 | Lost mutation: You are extremely robust. (+30% HP) [Jiyva's
                  | grace]
 25825 | Depths:2 | Lost mutation: Your gelatinous body deflects attacks. (AC
                  | +3, EV +3) [Jiyva's grace]
 25825 | Depths:2 | Lost mutation: You expend magic power (3 MP) to strengthen
                  | your wands. [Jiyva's grace]
 25825 | Depths:2 | Gained mutation: You are completely covered in iridescent
                  | scales. (AC +6) [Jiyva's grace]
 25825 | Depths:2 | Gained mutation: You have a pair of horns on your head.
                  | [Jiyva's grace]
 25825 | Depths:2 | Gained mutation: You have a pair of large horns on your
                  | head. [Jiyva's grace]
 25825 | Depths:2 | Gained mutation: Your gelatinous body deflects attacks. (AC
                  | +3, EV +3) [Jiyva's grace]
 25856 | Depths:2 | Found a gateway to Hell.
 25865 | Depths:2 | Reached skill level 21 in Dodging
 26141 | Depths:4 | Entered Level 4 of the Depths
 26317 | Depths:4 | Noticed Parghit
 26343 | Depths:4 | Slimified Parghit
 26343 | Depths:4 | Parghit changed into Parghit the acid blob
 26343 | Depths:4 | Noticed Parghit
 26351 | Depths:4 | Killed Parghit the acid blob
 26486 | Depths:4 | Noticed a bone dragon
 26498 | Depths:4 | Killed a bone dragon
 26568 | Depths:4 | Found a gate to the Realm of Zot.
 26570 | Depths:4 | Noticed a tentacled monstrosity
 26582 | Depths:4 | Killed a tentacled monstrosity
 26597 | Depths:4 | Reached XP level 19. HP: 54/136 MP: 20/20
 26656 | Depths:4 | Got a midnight gem with 1867 turns to spare
 27008 | Depths:4 | Noticed a juggernaut
 27319 | Zot:1    | Entered Level 1 of the Realm of Zot
 27399 | Zot:3    | Noticed an electric golem
 27409 | Zot:3    | Found a transporter.
 27411 | Zot:3    | Found a transporter.
 27415 | Zot:3    | Noticed a Killer Klown
 27442 | Zot:3    | Killed from afar by a black draconian
 27442 | Zot:3    | Lost a life (1 life remaining)
 27638 | Zot:3    | Reached skill level 22 in Dodging
 27665 | Zot:3    | Killed a Killer Klown
 27762 | Zot:3    | Killed an electric golem
 27803 | Zot:3    | Found a transporter.
 28142 | Zot:4    | Lost mutation: Your gelatinous body deflects attacks. (AC
                  | +3, EV +3) [Jiyva's grace]
 28142 | Zot:4    | Lost mutation: You have a small jelly attached to you that
                  | senses nearby items. [Jiyva's grace]
 28142 | Zot:4    | Gained mutation: You have a small jelly attached to you
                  | that senses nearby items. [Jiyva's grace]
 28142 | Zot:4    | Gained mutation: You passively map a small area around you.
                  | [Jiyva's grace]
 28142 | Zot:4    | Gained mutation: You passively map the area around you.
                  | [Jiyva's grace]
 28142 | Zot:4    | Gained mutation: You passively map a large area around you.
                  | [Jiyva's grace]
 28144 | Zot:4    | Identified the ring "Puiroyveir" {rC++ MP+9 Int+4 Dex-5}
 28155 | Zot:5    | Entered Level 5 of the Realm of Zot
 28181 | Zot:5    | Noticed a Killer Klown
 28196 | Zot:5    | Killed a Killer Klown
 28681 | Zot:5    | Noticed an ancient lich
 28688 | Zot:5    | Killed an ancient lich
 28827 | Zot:5    | Reached XP level 20. HP: 147/147 MP: 21/21
 28827 | Zot:5    | Gained a life (2 lives remaining)
 28871 | Zot:5    | Noticed an orb of fire
 28871 | Zot:5    | Noticed an orb of fire
 28872 | Zot:5    | Noticed an orb of fire
 28874 | Zot:5    | Noticed a Killer Klown
 28874 | Zot:5    | Noticed a Killer Klown
 28884 | Zot:5    | Got the Orb of Zot
 28885 | Zot:5    | Mangled by an Orb Guardian
 28885 | Zot:5    | Lost a life (1 life remaining)
 28926 | Zot:5    | Noticed a profane servitor
 28996 | Depths:4 | Noticed Livergho the pandemonium lord
 29037 | Depths:4 | Killed Livergho the pandemonium lord
 29560 | D:$      | Escaped with the Orb!

Illustrated notes

Levels and vault maps discovered:
D:1:      lightli_arrival_isolated_outpost, layout_basic, serial_shops, shop
D:2:      layout_loops_cross
D:3:      layout_loops_cross, lemuel_tele_altar, old_standard_altar,
          old_standard_altar, uniq_jessica, uniq_robin
D:4:      layout_gridville, lemuel_coloured_pillars_altar,
          minmay_temple_entry_drinking_statues, uniq_eustachio
D:5:      layout_basic, nzn_wu_jian_council_hall
D:6:      layout_loops_ring, eat_drink_and_be_merry_uskayaw,
          kennysheep_generic_room_9
D:7:      lemuel_insect_pit, layout_rooms, mainiacjoe_overflow_boulevard,
          uniq_maurice
D:8:      layout_loops_corners, vehumet_crystals
D:9:      minmay_quarter_circles, layout_basic, erik_lair_orcish_takeover,
          uniq_maggie, uniq_jeremiah, uniq_erolcha, uniq_pikel, uniq_erica
D:10:     layout_stronghold, uniq_sonja
D:11:     layout_rooms
D:12:     layout_rooms, orc_0_dummy, nicolae_yredelemnul_corpse_copse
D:13:     minmay_stone_box, layout_layer_cave, david_vaults_4,
          nicolae_the_louvre
D:14:     layout_basic, nicolae_elyvilon_temple_path,
          serial_library_regret_index_small_wings
D:15:     grunt_enter_depths_magical_seal, layout_rooms, ashenzari_altar_1,
          uniq_jorgrun
Temple:   jpeg_temple_clearing
Lair:1:   layout_gridlike, infiniplex_staircase_pool_2
Lair:2:   layout_misc_corridors, nicolae_spider_entry_lesser_pyramids,
          basic_altar, kilobyte_rumbling_trees, grunt_megastairs_1
Lair:3:   layout_concentric_octagons, shoals_dummy_entry, serial_bayou_shore_a,
          uniq_prince_ribbit2
Lair:4:   layout_hall_layers, portal_ice_cave_entry_ice_simulacra,
          ebering_ghost_xom, lemuel_fruit_fields
Lair:5:   guppyfry_lair_end_dragon, layout_loops_ring, wormcave, slime_entry_1,
          gauntlet_entry_generic, minivault_27
Shoals:1: layout_shoals, nicolae_shoals_lost_giant_temple, overgrown_tower
Shoals:2: layout_shoals, nicolae_shoals_hunting_party, uniq_polyphemus,
          uniq_ilsuiw
Shoals:3: nicolae_shoals_mermall, layout_shoals, ebering_ghost_xom,
          nicolae_shoals_undead_eyrie, uniq_donald
Shoals:4: shoals_end_grunt_garden, layout_shoals, uniq_mara
Spider:1: layout_spider_delve, nicolae_spider_webbed_stairs
Spider:2: layout_spider_delve
Spider:3: layout_spider_delve, nicolae_spider_not_touching_you,
          hangedman_spider_tarantella_strand
Spider:4: hellmonk_spider_rune_bug_friends, nzn_ghost_randoct
Slime:1:  layout_caves, cheibrodos_slime_lost_civilization_7
Slime:2:  layout_caves
Slime:3:  layout_caves, nicolae_slime_barrier
Slime:4:  layout_caves, nicolae_slime_crime_time
Slime:5:  slime_pit_nicolae_jellycorners
Orc:1:    layout_caves, basic_altar, uniq_snorg
Orc:2:    grunt_orc_community_town_hall, layout_caves,
          grunt_orc_community_big_house_2, grunt_orc_community_big_house_2,
          grunt_orc_community_house_1, grunt_orc_community_house_1,
          grunt_orc_community_house_1, grunt_orc_community_house_1,
          grunt_orc_community_house_3, grunt_orc_community_house_2,
          special_room, uniq_rupert
Depths:1: layout_gridville, chequers_serial_rivers_room_b,
          grunt_hell_entry_dis_mu, gammafunk_ghost_grave, nicolae_titane
Depths:2: hangedman_elemental_death_ray, layout_long_grid, ebering_ghost_gozag,
          hell_entry, rand_demon_pan_entry_7, nicolae_dithmenos_the_darkroom,
          abyss_entry_crystal, nicolae_shop_distant_corner_stores,
          infiniplex_staircase_x, grunt_megastairs_2
Depths:3: minmay_crystal_thing, layout_cave_shapes, enter_ziggurat_a,
          grunt_pan_entry_spiral, hangedman_abyss_entry_splay, hell_entry
Depths:4: grunt_crosshair, layout_cave_shapes, hell_entry,
          minmay_misc_feat_more_columns, uniq_parghit
Zot:1:    layout_basic, grunt_ministairs_7
Zot:2:    layout_basic, nrook_zot_tub
Zot:3:    layout_basic, regret_index_zotdec_barnacled_simple,
          nicolae_transporter_circle
Zot:4:    layout_gridlike, regret_index_zotdec_barnacled_alternative,
          regret_index_zotdec_zees, regret_index_zotdec_banners
Zot:5:    layout_cathedral_of_symmetry, bh_zot_ikea_curve

Skill      XL: |  1  2  3  4  5  6  7  8  9 10 11 12 13 14 15 16 17 18 19 20 |
---------------+-------------------------------------------------------------+-----
Shapeshifting  | 3 4 5 7 9 10 11 12 13 14 15 16 | 16.6
Fighting       | 2 3 4 5 6 7 9 10 11 12 13 14 15 16 18 19 20 | 20.0
Dodging        | 4 6 8 10 12 13 15 16 18 19 20 21 22 | 22.8
Unarmed Combat | 5 6 8 9 11 12 13 14 15 16 17 19 | 19.7
Evocations     | 3 6 8 |  8.0

Action                     |  1- 3 |  4- 6 |  7- 9 | 10-12 | 13-15 | 16-18 | 19-21 || total
---------------------------+-------+-------+-------+-------+-------+-------+-------++-------
  Melee: Unarmed           |    72 |   130 |   377 |   729 |   906 |   995 |   349 ||  3558
         Bite              |     6 |    23 |    56 |   130 |   140 |   143 |    65 ||   563
         Punch             |     3 |     5 |       |     2 |    80 |   134 |    56 ||   280
         Headbutt          |       |       |    79 |   216 |       |       |       ||   295
         Tailslap          |       |       |       |     3 |   160 |   220 |    81 ||   464
 Invoke: Heal Self         |       |       |       |     1 |       |       |       ||     1
         Slimify           |       |       |       |       |     1 |     4 |     3 ||     8
         Oozemancy         |       |       |       |       |     1 |     5 |     2 ||     8
Ability: Breathe Fire      |       |       |       |       |     9 |     7 |       ||    16
  Evoke: Wand              |       |       |       |       |     3 |     9 |     7 ||    19
         Sack of spiders   |       |       |       |       |     1 |     1 |       ||     2
         Tin of tremorston |       |       |       |       |     1 |     5 |       ||     6
    Use: Scroll            |     4 |       |     9 |     8 |     7 |    14 |     9 ||    51
         Potion            |       |       |     1 |     2 |     2 |     6 |    10 ||    21
   Stab: Sleeping          |     4 |     5 |       |       |     3 |    11 |     3 ||    26
         Distracted        |       |       |       |       |     1 |     3 |       ||     4
         Invisible         |       |       |       |       |       |     3 |       ||     3
 Armour: Skin              |    23 |    50 |    97 |   181 |   491 |   726 |   256 ||  1824
  Dodge: Dodged            |    45 |   112 |   332 |   725 |   986 |  1254 |   281 ||  3735
  Block: Other             |       |       |    50 |   106 |       |       |       ||   156
   Form: Flux              |       |       |     1 |       |       |       |       ||     1
         Dragon            |       |       |       |     1 |       |       |       ||     1

Table legend: (Time is in decaauts)
 A = Elapsed time spent in this place.
 B = Non-inter-level travel time spent in this place.
 C = Inter-level travel time spent in this place.
 D = Time resting spent in this place.
 E = Time spent auto-exploring this place.
 F = Levels seen in this place.
 G = Mean time per level.
                   A        B        C        D        E       F      G
               +--------+--------+--------+--------+--------+-----+--------+
         Total |  28806 |  25930 |   2876 |    912 |  18087 |  46 |  626.2 |
       Dungeon |  12837 |  11126 |   1711 |    100 |   8795 |  15 |  855.8 |
        Temple |     40 |      9 |     31 |      0 |      5 |   1 |   40.0 |
          Lair |   4912 |   4412 |    500 |    148 |   2956 |   5 |  982.4 |
        Shoals |   3052 |   2877 |    175 |     32 |   2020 |   4 |  763.0 |
   Spider Nest |   2914 |   2751 |    163 |     30 |   1897 |   4 |  728.5 |
    Slime Pits |    160 |     98 |     62 |      0 |     10 |   5 |   32.0 |
  Orcish Mines |   1197 |   1140 |     57 |      0 |    863 |   2 |  598.5 |
        Depths |   1929 |   1821 |    108 |    319 |    822 |   4 |  482.2 |
           Zot |   1555 |   1490 |     65 |    282 |    583 |   5 |  311.0 |
      Gauntlet |    205 |    205 |      0 |      0 |    134 |   1 |  205.0 |
               +--------+--------+--------+--------+--------+-----+--------+

Top non-repeatable levels by time:
     D:9: 1464 daAuts
  Lair:5: 1430 daAuts
  Lair:2: 1189 daAuts
    D:10: 1153 daAuts
    D:14: 1143 daAuts
  Lair:1: 1117 daAuts
     D:5: 1096 daAuts
Depths:4: 1091 daAuts
     D:8: 1066 daAuts
Spider:4: 1015 daAuts
   Orc:2: 1003 daAuts
Shoals:3: 937 daAuts
Spider:3: 929 daAuts
    D:13: 820 daAuts
Shoals:1: 810 daAuts
